 Dungeon Crawl Stone Soup version 0.31-a0-965-g8a8ce12e04 (webtiles) character file.

Game seed: 9968243118820308410

287 boombarfnjin2354fg the Conjurer (level 6, -7/38 HPs)
             Began as an Octopode Conjurer on Oct 26, 2023.
             Mangled by an iguana (9 damage)
             ... on level 5 of the Dungeon.
             The game lasted 00:06:47 (3105 turns).

boombarfnjin2354fg the Conjurer (Octopode Conjurer) Turns: 3105, Time: 00:06:49

Health: -7/38      AC:  1    Str:  6    XL:     6   Next: 30%
Magic:  0/10       EV: 13    Int: 22    God:
Gold:   148        SH:  0    Dex: 11    Spells: 10/11 levels left

rFire   . . .        o - staff of conjuration
rCold   . . .        (no shield)
rNeg    . . .        (helmet currently unavailable)
rPois   .            (no amulet)
rElec   .            p - ring of resist corrosion
rCorr   +            (no ring)
SInv    .            (no ring)
Will    .....        (no ring)
Stlth   +++          (no ring)
HPRegen 0.26/turn    (no ring)
MPRegen 0.12/turn    (no ring)
                     (no ring)

%: no passive effects
@: beast-form
A: beast (slay +0), almost no armour, amphibious, 8 rings, camouflage 1,
gelatinous body 1, (nimble swimmer 1), tentacles
a: Begin Untransformation


You were on level 5 of the Dungeon.
You were a hulking beast.
You visited 1 branch of the dungeon, and saw 5 of its levels.

You collected 148 gold pieces.

Inventory:

Hand Weapons
 c - a +2 short sword of speed
 l - a +1 demon whip of venom
Magical Staves
 o - a staff of conjuration (weapon)
Jewellery
 p - a ring of resist corrosion (left tentacle)
Talismans
 q - a beast talisman (active)
Scrolls
 b - 3 scrolls of fog {unknown}
 d - 3 scrolls of torment {unknown}
 e - 3 scrolls of identify {unknown}
 h - a scroll of enchant armour {unknown}
 i - 2 scrolls of fear {unknown}
 j - 2 scrolls of enchant weapon {unknown}
 n - a scroll of immolation {unknown}
Potions
 a - a potion of magic
 f - a potion of mutation {unknown}
 g - a potion of curing {unknown}
 k - 2 potions of attraction {unknown}
 m - a potion of resistance {unknown}


   Skills:
 + Level 1.2 Fighting
 + Level 1.8 Short Blades
 + Level 0.2 Staves
 + Level 2.5 Dodging
 + Level 3.9 Stealth
 + Level 3.2 Spellcasting
 + Level 5.5 Conjurations


You had 10 spell levels left.
You knew the following spells:

 Your Spells              Type           Power      Damage    Failure   Level
a - Magic Dart            Conj           100%       1d8       1%          1

Your spell library contained the following spells:

 Spells                   Type           Power      Damage    Failure   Level
 Searing Ray              Conj           82%        2d7       1%          2
 Dazzling Flash           Conj/Hex       46%        N/A       12%         3
 Fulminant Prism          Conj/Hex       11%        3d8       36%         4
 Iskenderun's Mystic Bla  Conj/Tloc      23%        2d6       36%         4


Dungeon Overview and Level Annotations

Branches:
Dungeon (5/15)
 Temple: D:4-7

Altars:

Annotations:
D:2 Jessica, Robin


Innate Abilities, Weirdness & Mutations

You are a hulking beast.
Your limbs bulge with bestial killing power. (Slay +0)
You cannot wear most types of armour.
You are amphibious.
You can wear up to eight rings at the same time.
Your skin changes colour to match your surroundings (Stealth+).
Your rubbery body absorbs attacks. (AC +1, EV +1)
((You are camouflaged when in or above water. (Stealth+)))
You have tentacles for arms and can constrict up to eight enemies at once.


Message History

You feel a surge of power!
The magic dart hits the iguana.
The iguana is moderately wounded.
Casting: Magic Dart (safe; 1% risk of failure)
Confirm with . or Enter, or press ? or * to list all spells.
Aiming: Magic Dart (safe; 1% risk of failure)
Press: ? - help, Shift-Dir - straight line, f/p - iguana
Aim: an iguana (lightly wounded, 100% to hit)
You feel a surge of power!
The magic dart hits the iguana.
The iguana is moderately wounded.
You are too injured to fight recklessly!
You hit the iguana but do no damage. Your grab misses the iguana.
The iguana is moderately wounded.
The iguana bites you.
You barely miss the iguana. You grab the iguana.
The iguana is moderately wounded.
You constrict the iguana. The iguana bites you.
Casting: Magic Dart (safe; 1% risk of failure)
Confirm with . or Enter, or press ? or * to list all spells.
Aiming: Magic Dart (safe; 1% risk of failure)
Press: ? - help, Shift-Dir - straight line, f/p - iguana
Aim: an iguana (heavily wounded, constricted by you, 100% to hit)
You feel a surge of power!
The magic dart hits the iguana but does no damage.
The iguana is heavily wounded.
You constrict the iguana, but do no damage.
The iguana bites you!
* * * LOW HITPOINT WARNING * * *
Casting: Magic Dart (safe; 1% risk of failure)
Confirm with . or Enter, or press ? or * to list all spells.
You don't have enough magic to cast this spell.
You hit the iguana but do no damage.
The iguana is heavily wounded.
You constrict the iguana. The iguana bites you.
* * * LOW HITPOINT WARNING * * *
You hit the iguana.
You squeeze the iguana, but do no damage.
The iguana is severely wounded.
You constrict the iguana, but do no damage.
The iguana bites you!
You die...

......).....#####...##
.# ...........[.<###.###
# .........##....##..#
........###.....#.##
.....^.............#
....................###
.................#....##
............l#.....#
#...........h......#
................####
..............###
................#
.##......##.....#
#...##†.##...$## ......
#........# .....
#........# h...
..#..$#...


You could see an iguana.

Vanquished Creatures
  A phantom (D:4)
  A scorpion (D:4)
  An orc priest (D:4)
  An iguana (D:5)
  5 adders
  2 worms
  2 dart slugs
  3 orcs (D:4)
  2 ball pythons
  6 endoplasms
  2 giant cockroaches (D:3)
  4 goblins
  5 hobgoblins
  6 jackals (D:3)
  A quokka (D:3)
  A frilled lizard (D:2)
  4 kobolds
  3 rats (D:3)
50 creatures vanquished.

Notes
Turn   | Place    | Note
-------+----------+-------------------------------------------
     0 | D:1      | boombarfnjin2354fg the Octopode Conjurer began the quest
                  | for the Orb.
     0 | D:1      | Reached XP level 1. HP: 11/11 MP: 3/3
   172 | D:1      | You fall into a shaft and drop 1 floor!
   202 | D:2      | Noticed Jessica
   247 | D:2      | Reached XP level 2. HP: 17/17 MP: 0/5
   405 | D:2      | Noticed Robin
   541 | D:3      | Reached XP level 3. HP: 22/22 MP: 3/6
  1070 | D:3      | Reached XP level 4. HP: 27/27 MP: 1/7
  1507 | D:3      | Reached skill level 5 in Conjurations
  2050 | D:4      | Reached XP level 5. HP: 32/32 MP: 5/8
  2211 | D:4      | Reached skill level 1 in Short Blades
  2391 | D:4      | Noticed a phantom
  2407 | D:4      | Killed a phantom
  2408 | D:4      | Reached skill level 1 in Fighting
  2526 | D:4      | Reached XP level 6. HP: 38/38 MP: 4/10
  3005 | D:5      | Entered Level 5 of the Dungeon
  3091 | D:5      | Noticed a black bear
  3104 | D:5      | HP: 1/38 [iguana (2)]
  3105 | D:5      | Mangled by an iguana

Illustrated notes

Levels and vault maps discovered:
D:1:      nicolae_arrival_somewhat_less_tricky_arrival, layout_rooms,
          nicolae_ecumenical_snake_handling, supply_closet_lemuel
D:2:      minmay_angry_zag, layout_rooms, uniq_crazy_yiuf_cottage, uniq_robin,
          uniq_jessica
D:3:      layout_basic, minmay_between
D:4:      layout_basic, mrwooster_statue_mirror, minmay_misc_feat_room
D:5:      layout_cave_pools

Skill      XL: |  1  2  3  4  5 |
---------------+----------------+-----
Stealth        | 3 |  3.9
Conjurations   | 5 |  5.5
Short Blades   | 1 |  1.8
Fighting       | 1 |  1.2
Spellcasting   | 3 |  3.2
Staves         | |  0.2
Dodging        | |  2.5

Action                     |  1- 3 |  4- 6 || total
---------------------------+-------+-------++-------
  Melee: Short sword       |    32 |    17 ||    49
         Constrict         |     7 |     6 ||    13
         Tentacles         |     4 |     5 ||     9
         Punch             |       |     1 ||     1
         Staff             |       |    21 ||    21
   Cast: Magic Dart        |    51 |    57 ||   108
 Armour: Skin              |    12 |    24 ||    36
  Dodge: Dodged            |    16 |    25 ||    41
   Form: Beast             |       |     1 ||     1

Table legend: (Time is in decaauts)
 A = Elapsed time spent in this place.
 B = Non-inter-level travel time spent in this place.
 C = Inter-level travel time spent in this place.
 D = Time resting spent in this place.
 E = Time spent auto-exploring this place.
 F = Levels seen in this place.
 G = Mean time per level.
                   A        B        C        D        E       F      G
               +--------+--------+--------+--------+--------+-----+--------+
         Total |   3089 |   2927 |    162 |      0 |   2613 |   5 |  617.8 |
       Dungeon |   3089 |   2927 |    162 |      0 |   2613 |   5 |  617.8 |
               +--------+--------+--------+--------+--------+-----+--------+

Top non-repeatable levels by time:
     D:3: 1404 daAuts
     D:4: 1174 daAuts
     D:2: 238 daAuts
     D:1: 171 daAuts
     D:5: 101 daAuts
